 Dungeon Crawl Stone Soup version 0.23.2-33-g5129a83184 (webtiles) character file.

Game seed: 14448500780854082835

121 Jukra the Slasher (level 4, -1/40 HPs)
             Began as a Minotaur Berserker on July 27, 2019.
             Was a Believer of Trog.
             Killed from afar by an orc wizard (5 damage)
             ... with a magic dart
             ... on level 4 of the Dungeon.
             The game lasted 00:08:14 (3038 turns).

Jukra the Slasher (Minotaur Berserker)              Turns: 3038, Time: 00:08:14

Health: -1/40      AC:  5    Str: 22    XL:     4   Next: 76%
Magic:  3/3        EV:  9    Int:  4    God:    Trog [**....]
Gold:   120        SH:  0    Dex: 10    Spells: 3/3 levels left

rFire    . . .     SeeInvis .   o - +0 morningstar (flame)
rCold    . . .     Gourm    .   m - +0 shield
rNeg     . . .     Faith    .   d - +0 ring mail (curse)
rPois    .         Spirit   .   (helmet restricted)
rElec    .         Reflect  .   (no cloak)
rCorr    .         Harm     .   (no gloves)
MR       .....                  (no boots)
Stlth    ..........             f - amulet of inaccuracy (curse)
HPRegen  0.13/turn              (no ring)
MPRegen  0.08/turn              (no ring)

@: confused
A: retaliatory headbutt, horns 2
a: Berserk, Trog's Hand, Renounce Religion


You were on level 4 of the Dungeon.
You worshipped Trog.
Trog was pleased with you.
You were very hungry.

You visited 1 branch of the dungeon, and saw 4 of its levels.

You collected 120 gold pieces.

Inventory:

Hand Weapons
 a - a +1 falchion
 e - a +0 dagger of draining
 o - a +0 morningstar of flaming (weapon)
Armour
 b - a +0 animal skin
 d - a cursed +0 ring mail (worn)
 i - a +0 buckler
 k - a +0 plate armour
 m - a +0 shield (worn)
Jewellery
 f - a cursed amulet of inaccuracy (around neck)
Wands
 q - a wand of acid (9)
 r - a wand of paralysis (10)
Scrolls
 g - 3 scrolls of identify
 l - a scroll of enchant weapon
 n - a scroll of blinking
Potions
 h - a potion of magic {unknown}
 j - 2 potions of heal wounds {unknown}
 p - a potion of invisibility {unknown}
Comestibles
 c - 5 rations


   Skills:
 + Level 4.2 Fighting
 + Level 5.0 Long Blades
 + Level 3.5 Armour
 + Level 2.3 Dodging
 * Level 2.1 Shields


You had 3 spell levels left.
You didn't know any spells.
Your spell library was empty.

Dungeon Overview and Level Annotations

Branches:
Dungeon (4/15)
 Temple: D:4-7

Altars:
Ashenzari
Gozag


Innate Abilities, Weirdness & Mutations

You reflexively headbutt those who attack you in melee.
You have a pair of horns on your head.


Message History

You're too confused!
You closely miss the orc wizard. Your headbutt misses the orc wizard.
The orc wizard hits you but does no damage.
The orc barely misses you.
The orc wizard points at you and mumbles some strange words.
The magic dart hits you.
The orc priest hits you with a +0 war axe.
The orc wizard gestures at you while chanting.
The magic dart hits you!
* * * LOW HITPOINT WARNING * * *
The orc hits you with a +0 hand axe.
* * * LOW HITPOINT WARNING * * *
The orc wizard hits you with a cursed -3 dagger.
* * * LOW HITPOINT WARNING * * *
You closely miss the orc priest.
The orc priest is moderately wounded.
The orc priest barely misses you.
The orc wizard points at you and mumbles some strange words.
The magic dart hits you.
You die...

####### .....#
.....# .....##
.##+#######.....#
.......<..#o....#
..........#oo...#
..........#@o...#
..........#.o...#
................#
................#
########+#.#####...
..# .. ...# . ...#
....#


You could see an orc priest, 2 orc wizards and 2 orcs.

Vanquished Creatures
  3 adders (D:2)
  3 gnolls (D:2)
  An ooze (D:2)
  2 worms (D:2)
  A leopard gecko (D:1)
  2 orcs (D:3)
  5 bats
  2 giant cockroaches (D:1)
  5 goblins
  14 hobgoblins
  A quokka (D:2)
  2 ball pythons (D:2)
  A frilled lizard (D:1)
  5 kobolds
  3 rats
50 creatures vanquished.

Notes
Turn   | Place    | Note
-------+----------+-------------------------------------------
     0 | D:1      | Jukra the Minotaur Berserker began the quest for the Orb.
     0 | D:1      | Reached XP level 1. HP: 19/19 MP: 0/0
   247 | D:1      | Reached XP level 2. HP: 27/27 MP: 1/1
   249 | D:1      | Reached skill level 4 in Long Blades
  1080 | D:2      | Reached XP level 3. HP: 23/33 MP: 2/2
  1097 | D:2      | Found a shattered altar of Ashenzari.
  1109 | D:2      | Reached skill level 1 in Shields
  1475 | D:2      | Found an opulent altar of Gozag.
  1589 | D:2      | Reached ** piety under Trog
  1598 | D:2      | Reached XP level 4. HP: 27/40 MP: 3/3
  1929 | D:2      | Reached skill level 5 in Long Blades
  3038 | D:4      | Killed from afar by an orc wizard

Skill      XL: |  1  2  3  4 |
---------------+-------------+-----
Fighting       | 4 |  4.2
Long Blades    | 4 5 |  5.0
Armour         | 3 |  3.5
Shields        | 2 |  2.1
Dodging        | |  2.3

Action                   |  1- 3 |  4- 6 || total
-------------------------+-------+-------++-------
Melee: Falchion          |    70 |    39 ||   109
       Headbutt          |    12 |     5 ||    17
       Morningstar       |       |    11 ||    11
Invok: Berserk           |     1 |     1 ||     2
  Use: Scroll            |     7 |     1 ||     8
  Eat: Chunk             |     2 |     2 ||     4
       Ration            |       |     1 ||     1
Armor: Ring mail         |    20 |    13 ||    33
Dodge: Dodged            |    37 |    33 ||    70
Block: Buckler           |     5 |     3 ||     8
       Shield            |       |     8 ||     8
       Rpst.: Falchion   |     7 |     7 ||    14
